 Dungeon Sprint DCSS version 0.17-a0-1262-gd250d98 (webtiles) character file.

11828 Kidiri the Unseen (level 11, -28/60 HPs)
             Began as a Spriggan Assassin on June 6, 2015.
             Was a High Priest of Dithmenos.
             Killed from afar by a crystal guardian (35 damage)
             ... with a crystal bolt
             ... in the Dungeon (Sprint II: "The Violet Keep of Menkaure").
             The game lasted 00:15:21 (2203 turns).

Kidiri the Unseen (Spriggan Assassin)               Turns: 2203, Time: 00:15:21

Health: -28/60     AC:  4    Str:  7    XL:     11   Next: 54%
Magic:  27/27      EV: 38    Int: 14    God:    Dithmenos [*****.]
Gold:   309        SH:  0    Dex: 26    Spells: 0 memorised, 32 levels left

rFire  . . .     SeeInvis +     n - +0 rapier "Newtbane" {pierce, *Confuse rPois Dex+4 SInv}
rCold  . . .     Clarity  +     c - +0 robe
rNeg   . . .     SustAt   .     (shield restricted)
rPois  +         Gourm    .     (helmet restricted)
rElec  .         Spirit   .     r - +1 cloak "Ubitwecs" {Dex+2}
rCorr  .         Warding  .     (gloves unavailable)
rMut   .         NoTele   +     (boots unavailable)
MR     +....                    o - amulet of clarity
Stlth  ++++++++++               (no ring)
                                p - ring of invisibility

@: very slightly contaminated, hasted, wreathed by umbra, invisible (expiring),
very quick, somewhat resistant to hostile enchantments, uncannily stealthy
A: unfitting armour, see invisible, herbivore 3, speed 3, slow metabolism 2
a: Shadow Step, Shadow Form, Renounce Religion, Turn Visible


You were in the Dungeon.
You worshipped Dithmenos.
Dithmenos was extremely pleased with you.
You were not hungry.

You visited 1 branch You collected 1647 gold pieces.
You spent 1338 gold pieces at shops.

Inventory:

Hand weapons
 a - a +2 dagger
 b - a +0 blowgun
 n - the +0 rapier "Newtbane" (weapon) {pierce, *Confuse rPois Dex+4 SInv}
   (You bought it in a shop in the Dungeon)

   It inflicts extra damage upon your enemies.
   It affects your dexterity (+4).
   It protects you from poison.
   It lets you see invisible.
   It may confuse you when you take damage.
 s - the +7 blowgun of a labyrinth {evade, rF- Int+10 Stlth+}
   (You bought it in a shop in the Dungeon)

   It affects your evasion (+5 to EV).
   It affects your intelligence (+10).
   It makes you vulnerable to fire.
   It makes you more stealthy.
Missiles
 e - 17 poisoned needles
 f - a curare-tipped needle
Armour
 c - a +0 robe (worn)
 d - a +0 cloak
 r - the +1 cloak "Ubitwecs" (worn) {Dex+2}
   (You bought it in a shop in the Dungeon)

   It affects your dexterity (+2).
Jewellery
 o - an amulet of clarity (around neck)
 p - a ring of invisibility (left hand)
Scrolls
 m - a scroll of blinking
Potions
 g - 3 potions of flight {unknown}
 j - a potion of haste
 k - 2 potions of magic
 l - a potion of berserk rage
 q - a potion of poison {unknown}


   Skills:
 + Level 8.1 Fighting
 * Level 14.1 Short Blades
 + Level 10.4 Throwing
 * Level 17.4 Dodging
 * Level 19.4 Stealth
 + Level 11.1 Spellcasting
 + Level 6.1 Invocations
 + Level 9.1 Evocations


You had 32 spell levels left.
You didn't know any spells.

Dungeon Overview and Level Annotations

Branches:
Dungeon (1/1)

Altars:
Cheibriados
Dithmenos
Elyvilon
Fedhas
Gozag
Kikubaaqudgha
Makhleb
Nemelex Xobeh
Okawaru
Qazlal
Ru
Sif Muna
Trog
Vehumet
Xom
Yredelemnul
Zin
The Shining One
Beogh
Jiyva
Lugonu

Shops:
D [%:*![(=%%*}(}([(![!:([%?:==

Annotations:
D exclusions: obsidian statue and oklob plant


Innate Abilities, Weirdness & Mutations

You are tiny and cannot use many weapons and most armour.
You have supernaturally acute eyesight.
You are a herbivore.
You cover ground extremely quickly.
You need consume almost no food.


Message History

The crystal guardian is severely damaged.
The crystal guardian completely misses you.
You hit the crystal guardian but do no damage.
The crystal guardian is severely damaged.
You hit the crystal guardian but do no damage.
The crystal guardian is severely damaged.
You hit the crystal guardian but do no damage.
The crystal guardian is severely damaged.
The crystal guardian completely misses you.
You hit the crystal guardian but do no damage.
The crystal guardian is severely damaged.
You flicker for a moment.
You hit the crystal guardian but do no damage.
The crystal guardian is severely damaged.
You hit the crystal guardian but do no damage.
The crystal guardian is severely damaged.
The crystal guardian fires a crystalline bolt at you.
The crystal bolt burns you!
Ouch! That really hurt!
You die...

......# ..#.k# #'##..# #.#.k#
.####.#### +(##.# ##..# ...#
#.(.####
...####..#####(k##)#▓$)?[%$$?▓▓
#+###.##..#%.'..#%%#▓%$[!%[$?▓▓
#.##.#.#..#%%#§§#.%#▓$())?$=!▓
.<.'###'..####§8##§#▓$%!=)($$
#.##.#.#...§###§@§##▓▓▓▓▓▓▓+▓▓
#'###.##.§....§§§§§≈≈≈≈≈≈≈≈..
...####≈≈.....≈#§########+###
.#..#≈≈≈≈≈≈§§.≈#.._._...#§≈§##
.#.##≈≈≈≈≈§≈§§§#._._._..#§§≈§#
#'##≈≈≈§≈§§§≈§§#.._._._.#§§§§≈#
≈≈≈≈≈≈≈≈≈≈§≈§§≈#.⌠._._._#§§§§≈§
+#+++#≈≈§§≈§≈§≈#.._._._.#§≈§§≈§
§z.z ##≈≈≈###§≈#..._._._#§≈§≈≈≈


You could see a crystal guardian.

Vanquished Creatures
  Kirke (D)
  A yaktaur captain (D)
  A great orb of eyes (D)
  An ice dragon (D)
  A centaur warrior (D)
  2 hell hogs (D)
  A skeletal warrior (D)
  2 unseen horrors (D)
  3 griffons (D)
  An elephant (D)
  A yaktaur (D)
  A kobold demonologist (D)
  3 polar bears (D)
  2 boulder beetles (D)
  3 yaks (D)
  A vampire mosquito (D)
  2 hippogriffs (D)
  A swamp drake (D)
  5 necrophages (D)
  A wasp (D)
  2 crocodiles (D)
  4 brain worms (D)
  An iron imp (D)
41 creatures vanquished.

Vanquished Creatures (others)
  Menkaure (D)
1 creature vanquished.

Grand Total: 42 creatures vanquished

Notes
Turn   | Place    | Note
--------------------------------------------------------------
     0 | D        | Kidiri the Spriggan Assassin began the quest for the Orb.
     0 | D        | Reached XP level 1. HP: 10/10 MP: 2/2
     1 | D        | Noticed a necrophage
     1 | D        | Noticed a necrophage
     1 | D        | Noticed a necrophage
     1 | D        | Noticed a necrophage
     5 | D        | Noticed a hippogriff
     5 | D        | Noticed a hippogriff
     8 | D        | Noticed a brain worm
     8 | D        | Noticed a brain worm
     8 | D        | Noticed a brain worm
     8 | D        | Noticed a brain worm
    10 | D        | Killed a brain worm
    10 | D        | Reached skill level 5 in Dodging
    10 | D        | Reached skill level 8 in Stealth
    10 | D        | Reached XP level 2. HP: 14/16 MP: 2/6
    10 | D        | Reached XP level 3. HP: 16/19 MP: 2/8
    10 | D        | Reached XP level 4. HP: 19/23 MP: 2/9
    12 | D        | Killed a brain worm
    12 | D        | Reached skill level 5 in Short Blades
    12 | D        | Reached skill level 9 in Stealth
    15 | D        | Killed a brain worm
    15 | D        | Reached skill level 10 in Stealth
    15 | D        | Reached XP level 5. HP: 22/28 MP: 2/12
    28 | D        | Killed a brain worm
    28 | D        | Reached XP level 6. HP: 26/33 MP: 3/14
    50 | D        | Killed Menkaure
   114 | D        | Noticed a boulder beetle
   114 | D        | Noticed a boulder beetle
   121 | D        | Killed a hippogriff
   121 | D        | Reached skill level 5 in Throwing
   121 | D        | Reached skill level 11 in Stealth
   121 | D        | Reached skill level 5 in Spellcasting
   124 | D        | Killed a hippogriff
   124 | D        | Reached skill level 10 in Dodging
   124 | D        | Reached skill level 12 in Stealth
   124 | D        | Reached XP level 7. HP: 36/38 MP: 14/16
   147 | D        | Killed a necrophage
   149 | D        | Killed a necrophage
   165 | D        | Killed a necrophage
   165 | D        | Reached skill level 13 in Stealth
   175 | D        | Killed a necrophage
   270 | D        | Killed a boulder beetle
   270 | D        | Reached skill level 5 in Fighting
   270 | D        | Reached XP level 8. HP: 38/40 MP: 17/19
   507 | D        | Killed a boulder beetle
   507 | D        | Reached skill level 14 in Stealth
   630 | D        | Noticed an electric eel
   631 | D        | Noticed an electric eel
   631 | D        | Noticed an electric eel
   631 | D        | Noticed an electric eel
   631 | D        | Noticed an electric eel
   632 | D        | Noticed an electric eel
   632 | D        | Noticed an electric eel
   632 | D        | Noticed a crocodile
   634 | D        | Killed a crocodile
   654 | D        | Noticed a flying skull
   655 | D        | Noticed a flying skull
   656 | D        | Noticed a flying skull
   658 | D        | Noticed a flying skull
   658 | D        | Noticed a flying skull
   659 | D        | Noticed a flying skull
   659 | D        | Noticed a flying skull
   659 | D        | Noticed a flying skull
   659 | D        | Noticed a flying skull
   659 | D        | Noticed a flying skull
   659 | D        | Noticed a flying skull
   661 | D        | Noticed a flying skull
   662 | D        | Found Voplukhlo's Jewellery Shop.
   665 | D        | Found Xuxkami's Magic Scroll Boutique.
   665 | D        | Found Osmaet's Jewellery Boutique.
   665 | D        | Found Yqa Pyt's Food Shop.
   666 | D        | Found Eninura's Distillery.
   666 | D        | Found Refupn's Antique Armour Boutique.
   667 | D        | Noticed a vampire mosquito
   747 | D        | Found Tosupp's Gadget Boutique.
   747 | D        | Found Eminorel's Weapon Shop.
   753 | D        | Found Refol's Food Shop.
   753 | D        | Found Acittipp's Distillery.
   753 | D        | Found Upseochu's Jewellery Boutique.
   754 | D        | Found Osuenore's Antique Armour Shop.
   754 | D        | Found Fizenois's Gadget Boutique.
   754 | D        | Noticed an iron elemental
   755 | D        | Found Exompat's Book Shop.
   755 | D        | Found Mohirap's Antique Weapon Boutique.
   757 | D        | Noticed an oklob plant
   758 | D        | Found Faridde's Book Shoppe.
   772 | D        | Noticed a spiny frog
   793 | D        | Bought an iridescent rapier for 243 gold pieces
   793 | D        | Identified the cursed +0 rapier "Newtbane" {pierce, *Confuse rPois Dex+4 SInv} (You bought it in a shop in the Dungeon)
   804 | D        | Bought an uncursed amulet of clarity for 280 gold pieces
   814 | D        | Bought an uncursed ring of invisibility for 390 gold pieces
   817 | D        | Noticed a spiny frog
   830 | D        | Bought a scroll of remove curse for 36 gold pieces
   877 | D        | Killed a vampire mosquito
   877 | D        | Reached skill level 10 in Short Blades
  1010 | D        | Found an opulent altar of Gozag.
  1011 | D        | Found a radiant altar of Vehumet.
  1011 | D        | Found a shimmering altar of Xom.
  1011 | D        | Found a sparkling altar of Nemelex Xobeh.
  1012 | D        | Found a bloodstained altar of Trog.
  1012 | D        | Found a blossoming altar of Fedhas.
  1012 | D        | Found a viscous altar of Jiyva.
  1013 | D        | Found an ancient bone altar of Kikubaaqudgha.
  1013 | D        | Found a glowing golden altar of the Shining One.
  1013 | D        | Found a snail-covered altar of Cheibriados.
  1021 | D        | Found a roughly hewn altar of Beogh.
  1021 | D        | Found a glowing silver altar of Zin.
  1021 | D        | Found a stormy altar of Qazlal.
  1022 | D        | Found a corrupted altar of Lugonu.
  1022 | D        | Found a burning altar of Makhleb.
  1023 | D        | Found a sacrificial altar of Ru.
  1024 | D        | Noticed a yaktaur
  1024 | D        | Noticed a wasp
  1024 | D        | Noticed a polar bear
  1025 | D        | Noticed a polar bear
  1025 | D        | Noticed a polar bear
  1026 | D        | Killed a polar bear
  1026 | D        | Reached skill level 1 in Evocations
  1028 | D        | Killed a wasp
  1029 | D        | Killed a polar bear
  1029 | D        | Reached skill level 15 in Stealth
  1030 | D        | Killed a polar bear
  1030 | D        | Reached XP level 9. HP: 45/45 MP: 19/22
  1032 | D        | Killed a yaktaur
  1044 | D        | Found a deep blue altar of Sif Muna.
  1046 | D        | Found a shadowy altar of Dithmenos.
  1046 | D        | Found an iron altar of Okawaru.
  1047 | D        | Found a basalt altar of Yredelemnul.
  1047 | D        | Found a white marble altar of Elyvilon.
  1053 | D        | Noticed an obsidian statue
  1054 | D        | Noticed a crocodile
  1062 | D        | Noticed a crocodile
  1063 | D        | Became a worshipper of Dithmenos the Shadowed
  1066 | D        | Noticed a flying skull
  1067 | D        | Noticed a flying skull
  1159 | D        | Killed a crocodile
  1161 | D        | Noticed a yak
  1162 | D        | Noticed a yak
  1162 | D        | Noticed a yak
  1163 | D        | Killed a yak
  1163 | D        | Reached skill level 1 in Invocations
  1165 | D        | Killed a yak
  1166 | D        | Killed a yak
  1166 | D        | Reached skill level 16 in Stealth
  1331 | D        | Noticed a swamp drake
  1333 | D        | Noticed a death drake
  1334 | D        | Noticed a death drake
  1334 | D        | Noticed a crystal guardian
  1334 | D        | Noticed a swamp drake
  1335 | D        | Killed a swamp drake
  1476 | D        | Noticed Kirke
  1476 | D        | Noticed a yaktaur captain
  1476 | D        | Noticed a skeletal warrior
  1477 | D        | Noticed a centaur warrior
  1478 | D        | Noticed an elephant
  1479 | D        | Noticed a kobold demonologist
  1482 | D        | Killed a skeletal warrior
  1482 | D        | Acquired Dithmenos's first power
  1482 | D        | Reached skill level 5 in Evocations
  1484 | D        | Killed Kirke
  1484 | D        | Reached skill level 15 in Dodging
  1484 | D        | Reached skill level 17 in Stealth
  1484 | D        | Reached XP level 10. HP: 50/50 MP: 22/24
  1485 | D        | Killed a yaktaur captain
  1487 | D        | Killed a kobold demonologist
  1488 | D        | Killed a centaur warrior
  1488 | D        | Acquired Dithmenos's second power
  1488 | D        | Reached skill level 10 in Spellcasting
  1490 | D        | Killed an elephant
  1490 | D        | Reached skill level 18 in Stealth
  1496 | D        | Noticed an ice dragon
  1497 | D        | Killed an ice dragon
  1497 | D        | Reached skill level 5 in Invocations
  1497 | D        | Reached XP level 11. HP: 53/55 MP: 23/26
  1505 | D        | Noticed an iron imp
  1505 | D        | Noticed a necrophage
  1507 | D        | Killed an iron imp
  1513 | D        | Killed a necrophage
  1513 | D        | Acquired Dithmenos's third power
  1527 | D        | Noticed an unseen horror
  1527 | D        | Noticed an unseen horror
  1529 | D        | Killed an unseen horror
  1531 | D        | Killed an unseen horror
  1628 | D        | Noticed a griffon
  1628 | D        | Noticed a griffon
  1628 | D        | Noticed a hell hog
  1628 | D        | Noticed a griffon
  1628 | D        | Noticed a great orb of eyes
  1628 | D        | Noticed a hell hog
  1630 | D        | Killed a hell hog
  1630 | D        | Reached skill level 10 in Throwing
  1632 | D        | Killed a hell hog
  1632 | D        | Acquired Dithmenos's fourth power
  1632 | D        | Reached skill level 19 in Stealth
  1818 | D        | Killed a great orb of eyes
  1829 | D        | Killed a griffon
  2053 | D        | Killed a griffon
  2058 | D        | Killed a griffon
  2078 | D        | Found Zoph's Armour Emporium.
  2078 | D        | Found Tibriets's General Store.
  2078 | D        | Found Caomerghu's Food Shop.
  2078 | D        | Found Kygyseuxe's Distillery.
  2078 | D        | Found Tetzak's Antique Weapon Boutique.
  2079 | D        | Found Maoroen's Antique Armour Shoppe.
  2079 | D        | Found Quke's Food Boutique.
  2079 | D        | Found Tobbu's Weapon Emporium.
  2079 | D        | Found Borrol's Book Shop.
  2079 | D        | Found Asyash's General Store.
  2079 | D        | Found Wubaa's Armour Shop.
  2079 | D        | Found Suss's Weapon Shoppe.
  2084 | D        | Bought the +1 cloak "Ubitwecs" {Dex+2} for 269 gold pieces
  2096 | D        | Bought a blackened blowgun for 120 gold pieces
  2096 | D        | Identified the +7 blowgun of a labyrinth {evade, rF- Int+10 Stlth+} (You bought it in a shop in the Dungeon)
  2123 | D        | Noticed a cacodemon
  2123 | D        | Noticed a golden dragon
  2123 | D        | Noticed a storm dragon
  2125 | D        | Noticed a deep elf high priest
  2125 | D        | Noticed a bone dragon
  2203 | D        | Killed from afar by a crystal guardian

Vault maps used:
D:        the_violet_keep_of_menkaure

Action                   |  1- 3 |  4- 6 |  7- 9 | 10-12 || total
-------------------------+-------+-------+-------+-------++-------
Melee: Dagger            |     1 |    17 |    33 |     1 ||    52
       Rapier            |       |       |    48 |   107 ||   155
 Fire: Blowgun           |       |       |    14 |    11 ||    25
 Abil: Evoke Invisibilit |       |       |     4 |     5 ||     9
  Use: Scroll            |       |       |     1 |       ||     1
       Potion            |       |       |       |     3 ||     3
 Stab: Sleeping          |     1 |     4 |    15 |    10 ||    30
       Distracted        |       |       |     1 |     1 ||     2
       Invisible         |       |       |     3 |    10 ||    13
  Eat: Bread ration      |       |       |     1 |       ||     1
